3AA
BELVEDERE PARK RAWHIDES @ ATLANTIC CITY SONICS
08/07/2020
 
TOP OF THE 1ST
Belvedere Park Rawhides batting - Pitching for Atlantic City Sonics : RHP R.J. Anderson
Pitching: RHP R.J. Anderson
Batting: SHB Ron Bunch 0-0: Called Strike
0-1: Foul Ball, location: 2F
0-2: Strikes out looking
Batting: RHB Victor Haley 0-0: Ball
1-0: Swinging Strike
1-1: DOUBLE (Line Drive, 89M)
Batting: LHB Kyle Bass 0-0: DOUBLE (Flyball, 8LXD)
Victor Haley scores
Batting: RHB Tracy Parker 0-0: Fly out, F8 (Flyball, 8RM)
Batting: LHB Jeff Sharp 0-0: Foul Ball, location: 2F
0-1: Swinging Strike
0-2: SINGLE (Line Drive, 89M)
Kyle Bass to third
Runner from 3rd tries for Home, SAFE, no throw or cutoff
Batting: RHB Michael Taylor 0-0: Ball
1-0: Fielders Choice at 2nd, U6 (Groundball, 6M)
Top of the 1st over - 2 run(s), 3 hit(s), 0 error(s), 1 left on base; Belvedere Park 2 - Atlantic City 0
BOTTOM OF THE 1ST
Atlantic City Sonics batting - Pitching for Belvedere Park Rawhides : RHP Eric Taylor
Pitching: RHP Eric Taylor
Batting: RHB Josh Stafford 0-0: Ball
1-0: Ball
2-0: Foul Ball, location: 2F
2-1: SINGLE (Popup, 4D)
Batting: RHB Jason Duncan 0-0: Called Strike
0-1: Ball
1-1: Grounds into double play, 4-6-3 (Groundball, 4)
Batting: SHB Jesús Cabañe 0-0: Swinging Strike
0-1: Swinging Strike
0-2: Foul Ball, location: 2F
0-2: Strikes out swinging
Bottom of the 1st over - 0 run(s), 1 hit(s), 0 error(s), 0 left on base; Belvedere Park 2 - Atlantic City 0
TOP OF THE 2ND
Belvedere Park Rawhides batting - Pitching for Atlantic City Sonics : RHP R.J. Anderson
Batting: SHB Jason Alexander 0-0: Called Strike
0-1: Ball
1-1: Ball
2-1: Ball
3-1: Called Strike
3-2: Foul Ball, location: 2F
3-2: Foul Ball, location: 2F
3-2: Foul Ball, location: 2F
3-2: Strikes out swinging
Batting: SHB Ryan Cook 0-0: Called Strike
0-1: Foul Ball, location: 2F
0-2: Ball
1-2: Foul Ball, location: 2F
1-2: Foul Ball, location: 2F
1-2: Ground out 4-3 (Groundball, 4M)
Batting: RHB Marlon Cummins 0-0: Called Strike
0-1: Ball
1-1: Ball
2-1: Ball
3-1: Fly out, F3 (Popup, 13S)
Top of the 2nd over - 0 run(s), 0 hit(s), 0 error(s), 0 left on base; Belvedere Park 2 - Atlantic City 0
BOTTOM OF THE 2ND
Atlantic City Sonics batting - Pitching for Belvedere Park Rawhides : RHP Eric Taylor
Batting: LHB Neal Hart 0-0: Ball
1-0: Ball
2-0: Ball
3-0: Called Strike
3-1: Base on Balls
Batting: LHB Pedro López 0-0: Called Strike
0-1: Swinging Strike
0-2: Ball
1-2: Ground out 5-3 (Groundball, 56S)
Neal Hart to second
Batting: LHB Kip Burks 0-0: Called Strike
0-1: SINGLE (Line Drive, 6M)
Neal Hart to third
Runner from 3rd tries for Home, SAFE, throw made home
Kip Burks to second
Batting: SHB David Snyder 0-0: SINGLE (Line Drive, 9S)
Kip Burks to third
Batting: RHB Bob Ethridge 0-0: Ball
1-0: Called Strike
1-1: Ball
2-1: Foul Ball, location: 2F
2-2: Foul Ball, location: 2F
2-2: Ball
3-2: Base on Balls
David Snyder to second
Batting: RHB Leonard Jones 0-0: Ball
1-0: Swinging Strike
1-1: Fly out, F8 (Popup, 8RS)
Batting: RHB Josh Stafford 0-0: SINGLE (Flyball, 9LM)
Kip Burks scores
David Snyder to third
Bob Ethridge to second
Runner from 3rd tries for Home, SAFE, no throw or cutoff
Batting: RHB Jason Duncan 0-0: Called Strike
0-1: Swinging Strike
0-2: Foul Ball, location: 2F
0-2: Foul Ball, location: 2F
0-2: Ball
1-2: Strikes out looking
Bottom of the 2nd over - 3 run(s), 3 hit(s), 0 error(s), 2 left on base; Belvedere Park 2 - Atlantic City 3
TOP OF THE 3RD
Belvedere Park Rawhides batting - Pitching for Atlantic City Sonics : RHP R.J. Anderson
Batting: SHB Ron Bunch 0-0: Called Strike
0-1: Ball
1-1: Ball
2-1: Ball
3-1: SINGLE (Flyball, 8RS)
Batting: RHB Victor Haley 0-0: Fly out, F9 (Line Drive, 89M)
Batting: LHB Kyle Bass 0-0: Ball
1-0: Called Strike
Ron Bunch steals 2nd base
1-1: Foul Ball, location: 2F
1-2: Strikes out swinging
Batting: RHB Tracy Parker 0-0: Ball
1-0: Swinging Strike
1-1: Swinging Strike
1-2: Foul Ball, location: 2F
1-2: Ground out 5-3 (Groundball, 5L)
Top of the 3rd over - 0 run(s), 1 hit(s), 0 error(s), 1 left on base; Belvedere Park 2 - Atlantic City 3
BOTTOM OF THE 3RD
Atlantic City Sonics batting - Pitching for Belvedere Park Rawhides : RHP Eric Taylor
Batting: SHB Jesús Cabañe 0-0: Ball
1-0: Called Strike
1-1: Swinging Strike
1-2: SINGLE (Line Drive, 34D)
Batting: LHB Neal Hart 0-0: Ball
1-0: Ball
2-0: Called Strike
2-1: Foul Ball, location: 2F
2-2: Ball
3-2: Foul Ball, location: 2F
3-2: Base on Balls
Jesús Cabañe to second
Batting: LHB Pedro López 0-0: Ball
1-0: Ball
Jesús Cabañe is caught stealing 3rd base
Neal Hart to second
2-0: Ball
3-0: Called Strike
3-1: SINGLE (Line Drive, 4MD)
Neal Hart to third
Batting: LHB Kip Burks 0-0: Ball
1-0: Called Strike
Pedro López steals 2nd base
1-1: Foul Ball, location: 2F
1-2: Ball
2-2: Ball
Balk!
Neal Hart scores
Pedro López to third
3-2: Fly out, F7 (Flyball, 7M)
Runner from 3rd tags up, SCORES, throw made
Batting: SHB David Snyder 0-0: Foul Ball, location: 2F
0-1: Ball
1-1: SINGLE (Line Drive, 7S)
Batting: RHB Bob Ethridge 0-0: Ball
1-0: Ground out 6-3 (Groundball, 6)
Bottom of the 3rd over - 2 run(s), 3 hit(s), 0 error(s), 1 left on base; Belvedere Park 2 - Atlantic City 5
TOP OF THE 4TH
Belvedere Park Rawhides batting - Pitching for Atlantic City Sonics : RHP R.J. Anderson
Batting: LHB Jeff Sharp 0-0: Ball
1-0: Foul Ball, location: 2F
1-1: Ball
2-1: Ball
3-1: Base on Balls
Batting: RHB Michael Taylor 0-0: Ball
Jeff Sharp steals 2nd base
1-0: Fly out, F8 (Flyball, 8RM)
Batting: SHB Jason Alexander 0-0: Ball
1-0: Ball
2-0: Called Strike
2-1: Foul Ball, location: 2F
2-2: Foul Ball, location: 2F
2-2: Ball
3-2: Foul Ball, location: 2F
3-2: Fly out, F8 (Flyball, 8RD)
Runner from 2nd tags up, SAFE at 3rd, no throw
Batting: SHB Ryan Cook 0-0: Ball
1-0: Ball
Balk!
Jeff Sharp scores
2-0: Foul Ball, location: 2F
2-1: Ball
3-1: Foul Ball, location: 2F
3-2: SINGLE (Line Drive, 4D)
Batting: RHB Marlon Cummins 0-0: Ball
1-0: Swinging Strike
1-1: Ball
2-1: Fly out, F7 (Flyball, 8LM)
Top of the 4th over - 1 run(s), 1 hit(s), 0 error(s), 1 left on base; Belvedere Park 3 - Atlantic City 5
BOTTOM OF THE 4TH
Atlantic City Sonics batting - Pitching for Belvedere Park Rawhides : RHP Eric Taylor
Batting: RHB Leonard Jones 0-0: Swinging Strike
0-1: Swinging Strike
0-2: Ball
1-2: Foul Ball, location: 2F
1-2: Ball
2-2: Strikes out swinging
Batting: RHB Josh Stafford 0-0: Ball
1-0: Ball
2-0: Ball
3-0: Base on Balls
Batting: RHB Jason Duncan 0-0: Ball
1-0: Ball
2-0: Swinging Strike
2-1: SINGLE (Groundball, 6MD)
Josh Stafford to second
Batting: SHB Jesús Cabañe 0-0: Ball
1-0: Fielders Choice at 2nd, 4-6 (Groundball, 4)
Josh Stafford to third
Batting: LHB Neal Hart 0-0: Called Strike
0-1: Ball
1-1: Ball
2-1: Ground out 4-3 (Groundball, 4)
Bottom of the 4th over - 0 run(s), 1 hit(s), 0 error(s), 2 left on base; Belvedere Park 3 - Atlantic City 5
TOP OF THE 5TH
Belvedere Park Rawhides batting - Pitching for Atlantic City Sonics : RHP R.J. Anderson
Batting: SHB Ron Bunch 0-0: Fly out, F6 (Line Drive, 6MD)
Batting: RHB Victor Haley 0-0: Ball
1-0: Ball
2-0: Ground out 6-3 (Groundball, 6M)
Batting: LHB Kyle Bass 0-0: Called Strike
0-1: Ball
1-1: Foul Ball, location: 2F
1-2: Ground out 1-3 (Groundball, 15)
Top of the 5th over - 0 run(s), 0 hit(s), 0 error(s), 0 left on base; Belvedere Park 3 - Atlantic City 5
BOTTOM OF THE 5TH
Atlantic City Sonics batting - Pitching for Belvedere Park Rawhides : RHP Eric Taylor
Batting: LHB Pedro López 0-0: Ball
1-0: Foul Ball, location: 2F
1-1: Foul Ball, location: 2F
1-2: Foul Ball, location: 2F
1-2: Fly out, F5 (Popup, 56S)
Batting: LHB Kip Burks 0-0: Swinging Strike
0-1: Swinging Strike
0-2: Fly out, F7 (Flyball, 7M)
Batting: SHB David Snyder 0-0: Fly out, F7 (Line Drive, 7S)
Bottom of the 5th over - 0 run(s), 0 hit(s), 0 error(s), 0 left on base; Belvedere Park 3 - Atlantic City 5
TOP OF THE 6TH
Belvedere Park Rawhides batting - Pitching for Atlantic City Sonics : RHP R.J. Anderson
Batting: RHB Tracy Parker 0-0: Ground out 6-3 (Groundball, 6)
Batting: LHB Jeff Sharp 0-0: Foul Ball, location: 2F
0-1: Ball
1-1: Ball
2-1: DOUBLE (Line Drive, 78M)
Batting: RHB Michael Taylor 0-0: Swinging Strike
0-1: Ball
1-1: Called Strike
1-2: Foul Ball, location: 2F
1-2: Fly out, F9 (Flyball, 9M)
Batting: SHB Jason Alexander 0-0: Ball
1-0: Ball
2-0: Foul Ball, location: 2F
2-1: Foul Ball, location: 2F
2-2: Ball
3-2: Foul Ball, location: 2F
3-2: Fly out, F7 (Flyball, 7M)
Top of the 6th over - 0 run(s), 1 hit(s), 0 error(s), 1 left on base; Belvedere Park 3 - Atlantic City 5
BOTTOM OF THE 6TH
Atlantic City Sonics batting - Pitching for Belvedere Park Rawhides : RHP Eric Taylor
Batting: RHB Bob Ethridge 0-0: Ball
1-0: Foul Ball, location: 2F
1-1: Ball
2-1: Foul Ball, location: 2F
2-2: Ball
3-2: Foul Ball, location: 2F
3-2: Fly out, F9 (Flyball, 89M)
Batting: RHB Leonard Jones 0-0: Swinging Strike
0-1: Called Strike
0-2: Ball
1-2: Strikes out swinging
Batting: RHB Josh Stafford 0-0: Ball
1-0: Ball
2-0: SINGLE (Line Drive, 9S)
Batting: RHB Jason Duncan 0-0: Ball
1-0: Ground out 5-3 (Groundball, 56S)
Bottom of the 6th over - 0 run(s), 1 hit(s), 0 error(s), 1 left on base; Belvedere Park 3 - Atlantic City 5
TOP OF THE 7TH
Belvedere Park Rawhides batting - Pitching for Atlantic City Sonics : RHP R.J. Anderson
Batting: SHB Ryan Cook 0-0: Foul Ball, location: 2F
0-1: Ball
1-1: Ground out 6-3 (Groundball, 6M)
Batting: RHB Marlon Cummins 0-0: Called Strike
0-1: DOUBLE (Line Drive, 7LD)
Batting: SHB Ron Bunch 0-0: Called Strike
0-1: Ball
1-1: Called Strike
1-2: Ball
2-2: Ball
3-2: Strikes out swinging
Batting: RHB Victor Haley 0-0: SINGLE (Groundball, 6MD)
Marlon Cummins to third
Runner from 3rd tries for Home, SAFE, no throw or cutoff
Batting: LHB Kyle Bass 0-0: SINGLE (Groundball, 3D)
Victor Haley to second
Runner from 2nd tries for 3rd, SAFE, no throw or cutoff
Batting: RHB Tracy Parker 0-0: Fly out, F6 (Line Drive, 6)
Top of the 7th over - 1 run(s), 3 hit(s), 0 error(s), 2 left on base; Belvedere Park 4 - Atlantic City 5
BOTTOM OF THE 7TH
Atlantic City Sonics batting - Pitching for Belvedere Park Rawhides : RHP Eric Taylor
Batting: SHB Jesús Cabañe 0-0: Called Strike
0-1: Ball
1-1: Called Strike
1-2: Strikes out swinging
Batting: LHB Neal Hart 0-0: Called Strike
0-1: SINGLE (Groundball, 34D)
Batting: LHB Pedro López 0-0: Ball
1-0: Called Strike
1-1: Ball
2-1: Fly out, F8 (Flyball, 8LM)
Pitching: LHP Tony Hernández
Pinch Hitting: RHB César Ramírez 0-0: Called Strike
0-1: Ball
1-1: Called Strike
1-2: Ball
2-2: Ball
3-2: Foul Ball, location: 2F
3-2: Reached on error, E5 (Groundball, 56S)
Neal Hart to second
Pinch Runner at 2nd Chris Henderson:
Pinch Hitting: RHB Jim Unknown 0-0: Ball
1-0: Called Strike
1-1: DOUBLE (Line Drive, 7LS)
Chris Henderson scores
César Ramírez to third
Runner from 3rd tries for Home, SAFE, throw made at trailing runner, SAFE at third!
Batting: RHB Bob Ethridge 0-0: Foul Ball, location: 2F
0-1: Swinging Strike
0-2: Ball
1-2: Ball
2-2: Ball
3-2: Foul Ball, location: 2F
3-2: Foul Ball, location: 2F
3-2: Strikes out swinging
Bottom of the 7th over - 2 run(s), 2 hit(s), 1 error(s), 1 left on base; Belvedere Park 4 - Atlantic City 7
TOP OF THE 8TH
Belvedere Park Rawhides batting - Pitching for Atlantic City Sonics : RHP R.J. Anderson
Now at C: César Ramírez
Now in LF: Marty Hayden
Batting: LHB Jeff Sharp 0-0: Ball
1-0: Ball
2-0: SINGLE (Line Drive, 4M)
Batting: RHB Michael Taylor 0-0: Ball
1-0: Called Strike
1-1: Called Strike
1-2: Ball
2-2: Strikes out swinging
Batting: SHB Jason Alexander 0-0: Ball
1-0: Ball
2-0: Ball
3-0: Foul Ball, location: 2F
3-1: Swinging Strike
3-2: Strikes out swinging
Batting: SHB Ryan Cook 0-0: Ball
1-0: Ball
2-0: Called Strike
2-1: Foul Ball, location: 2F
2-2: Fly out, F7 (Line Drive, 78M)
Top of the 8th over - 0 run(s), 1 hit(s), 0 error(s), 1 left on base; Belvedere Park 4 - Atlantic City 7
BOTTOM OF THE 8TH
Atlantic City Sonics batting - Pitching for Belvedere Park Rawhides : LHP Tony Hernández
Batting: RHB Leonard Jones 0-0: Ball
1-0: Fly out, F8 (Flyball, 8RM)
Batting: RHB Josh Stafford 0-0: Foul Ball, location: 2F
0-1: Ball
1-1: Swinging Strike
1-2: SINGLE (Flyball, 9LS)
Batting: RHB Jason Duncan 0-0: Ball
1-0: Ball
2-0: DOUBLE (Line Drive, 89XD)
Josh Stafford to third
Batting: SHB Jesús Cabañe 0-0: Intentional Walk
Batting: RHB Chris Henderson 0-0: Called Strike
0-1: Called Strike
0-2: Strikes out looking
Pinch Hitting: RHB Dave Morris 0-0: Foul Ball, location: 2F
0-1: Ball
1-1: Called Strike
1-2: Foul Ball, location: 2F
1-2: Ball
2-2: Ball
3-2: Base on Balls
Josh Stafford scores
Jason Duncan to third
Jesús Cabañe to second
Batting: RHB César Ramírez 0-0: Ball
1-0: GRAND SLAM HOME RUN (Flyball, 7LD), Distance : 350 ft
Pitching: LHP Artie Carroll
Batting: RHB Marty Hayden 0-0: Ball
1-0: Ground out 5-3 (Groundball, 56S)
Bottom of the 8th over - 5 run(s), 3 hit(s), 0 error(s), 0 left on base; Belvedere Park 4 - Atlantic City 12
TOP OF THE 9TH
Belvedere Park Rawhides batting - Pitching for Atlantic City Sonics : RHP R.J. Anderson
Now in CF: Dave Morris
Batting: RHB Marlon Cummins 0-0: Ball
1-0: Fly out, F3 (Popup, 34)
Batting: SHB Ron Bunch 0-0: Fly out, F7 (Popup, 7LM)
Batting: RHB Victor Haley 0-0: Fly out, F8 (Flyball, 8RS)
Top of the 9th over - 0 run(s), 0 hit(s), 0 error(s), 0 left on base; Belvedere Park 4 - Atlantic City 12
This league is powered by Out of the Park Baseball, the baseball management simulation game for PC, Mac and Linux
Friday, October 23rd, 2015 - OOTP Baseball 16.9 Build 39